 Dungeon Crawl Stone Soup version 0.22-a0-398-g8bb545f (webtiles) character file.

167909 Borgoz the Bludgeoner (level 17, -6/100 HPs)
             Began as a Gargoyle Fighter on May 5, 2018.
             Was the Champion of Ashenzari.
             Killed from afar by a deep elf sorcerer (26 damage)
             ... with a bolt of acid
             ... on level 2 of the Elven Halls.
             The game lasted 01:38:42 (36583 turns).

Borgoz the Bludgeoner (Gargoyle Fighter)           Turns: 36583, Time: 01:38:43

Health: -6/100     AC: 31    Str: 22    XL:     17   Next: 93%
Magic:  23/23      EV: 14    Int: 13    God:    Ashenzari [******]
Gold:   129        SH: 16    Dex: 14    Spells: 16/16 levels left

rFire    . . .     SeeInvis +   y - +1 mace (drain)
rCold    . . .     Gourm    .   A - +2 shield
rNeg     + + .     Faith    .   N - +1 plate armour of Joclefe {Regen+ Int+4} (curse)
rPois    ∞         Spirit   .   (no helmet)
rElec    +         Reflect  .   (no cloak)
rCorr    .         Harm     .   J - +1 pair of gloves of the Kettle-Drum {rN+ Stlth+}
MR       ++...     Clarity  +   L - +1 pair of boots {Stlth+} (curse)
Stlth    ..........             o - amulet of rage (curse)
HPRegen  0.66/turn              i - ring of protection from magic
MPRegen  0.18/turn              C - +3 ring of evasion (curse)

@: corroded, berserk cooldown, hasted, very quick
A: big wings, frail 1, negative energy resistance 1, electricity resistance,
unbreathing, petrification resistance, rot immunity, AC +12
a: Fly, Curse Item, Scrying, Transfer Knowledge, Renounce Religion, Evoke
Berserk Rage


You were on level 2 of the Elven Halls.
You worshipped Ashenzari.
Ashenzari was exalted by your worship.
You were not hungry.

You visited 6 branches of the dungeon, and saw 30 of its levels.

You collected 2524 gold pieces.
You spent 2395 gold pieces at shops.

Inventory:

Hand Weapons
 y - a +1 mace of draining (weapon)
Armour
 A - a +2 shield (worn)
 J - the +1 pair of gloves of the Kettle-Drum (worn) {rN+ Stlth+}
   (You found it on level 6 of the Lair of Beasts)

   It protects you from negative energy.
   It makes you more stealthy.
 L - a cursed +1 pair of boots of stealth (worn)
 N - the cursed +1 plate armour of Joclefe (worn) {Regen+ Int+4}
   (You bought it in a shop on level 2 of the Orcish Mines)

   It affects your intelligence (+4).
   It increases your rate of regeneration.
   It has a curse placed upon it.
Jewellery
 i - a ring of protection from magic (left hand)
 l - an uncursed ring of resist corrosion
 o - a cursed amulet of rage (around neck)
 s - an uncursed amulet of the acrobat
 t - a +2 ring of strength
 C - a cursed +3 ring of evasion (right hand)
 E - an uncursed ring of protection from fire
 K - a +5 amulet of reflection
 R - an uncursed amulet of the gourmand
Wands
 c - a wand of paralysis (17)
 j - a wand of clouds (4)
 x - a wand of acid (1)
 G - a wand of digging (27)
 O - a wand of iceblast (9)
Scrolls
 a - 13 scrolls of identify
 b - a scroll of blinking
 e - 11 scrolls of magic mapping
 h - 9 scrolls of remove curse
 k - a scroll of torment
 m - 9 scrolls of teleportation
 n - 9 scrolls of enchant weapon
 q - 3 scrolls of fear
 r - 3 scrolls of fog
 u - a scroll of amnesia
 w - 7 scrolls of enchant armour
 F - a scroll of acquirement
 I - a scroll of brand weapon
 P - 3 scrolls of summoning
Potions
 d - 3 potions of lignification
 p - a potion of might
 v - 7 potions of curing
 z - 3 potions of haste
Comestibles
 f - 52 rations


   Skills:
 + Level 14.4 Fighting
 * Level 17.8 Maces & Flails
 + Level 14.3 Armour
 + Level 7.3 Dodging
 + Level 14.3 Shields
 - Level 9.1(12.0) Evocations


You had 16 spell levels left.
You didn't know any spells.

Dungeon Overview and Level Annotations

Branches:
Dungeon (15/15)            Temple (1/1) D:4            Lair (6/6) D:9
  Swamp (4/4) Lair:4        Snake (0/4) Lair:2        Slime (0/5) Lair:6
    Orc (2/2) D:10            Elf (2/3) Orc:2        Vaults (0/5) D:13
 Depths: D:15

Altars:
Ashenzari
Cheibriados
Dithmenos
Elyvilon
Fedhas
Gozag
Hepliaklqana
Kikubaaqudgha
Makhleb
Nemelex Xobeh
Okawaru
Qazlal
Ru
Sif Muna
Trog
Uskayaw
Vehumet
Wu Jian
Xom
Yredelemnul
Zin
The Shining One
Beogh
Jiyva

Shops:
D:5 =   D:7 =   D:10 ??%   D:14 **   Orc:2 [%![???=?   Elf:1 %   Elf:2 !

Annotations:
Swamp:3 exclusion: Roxanne, Roxanne
Swamp:4 Lernaean hydra
Elf:2 3 runed doors


Innate Abilities, Weirdness & Mutations

You are resistant to torment.
Your stone body is resilient. (AC +12)
You are immune to poison.
Your large and strong wings let you fly indefinitely.
You resist negative energy. (rN+)
You are resistant to electric shocks. (rElec)
You can survive without breathing.
You are immune to petrification.
You are immune to rotting.
You are frail. (-10% HP)


Message History

The deep elf sorcerer hits you with a short sword.
* * * LOW HITPOINT WARNING * * *
You hit the deep elf sorcerer but do no damage.
The deep elf sorcerer is lightly wounded.
The deep elf sorcerer hits you but does no damage.
You hit the deep elf sorcerer. You drain the deep elf sorcerer!
The deep elf sorcerer is moderately wounded.
The deep elf sorcerer misses you.
You hit the deep elf sorcerer but do no damage.
You drain the deep elf sorcerer!
The deep elf sorcerer is moderately wounded.
You hit the deep elf sorcerer.
The deep elf sorcerer is moderately wounded.
The deep elf sorcerer's eyes start to glow.
The deep elf sorcerer misses you.
You sock the deep elf sorcerer! You drain the deep elf sorcerer!
The deep elf sorcerer is heavily wounded.
The deep elf sorcerer gestures at you while chanting.
The bolt of acid hits you!
You die...

...................
.....................#
.....................#
..)............>.....#
.....................#
.....................#
..........)..........#
.....................#
...............e@....#
.....................#
................∩....#
.....................#
.....................#
.....................#
######################
* * * *** , ***, *** *
*


You could see a deep elf sorcerer.

Vanquished Creatures
  Nikola (Swamp:1)
  The ghost of Ijustatesigmund the Bringer of Light, an adept HOAr of the Shining One (Swamp:4)
  A thorn hunter (Swamp:2)
  The ghost of Steelmeadow the Spry, an adept HaAs of Dithmenos (Swamp:4)
  Donald (Swamp:3)
  Kirke (Swamp:4)
  Aizul (Elf:1)
  A deep elf annihilator (Orc:2)
  Snorg (D:12)
  Erolcha (D:12)
  Fannar (Orc:1)
  5 vault guards (D:13)
  A ghost crab (Swamp:2)
  21 hydras
  A death knight (D:13)
  An anaconda (Lair:6)
  4 two-headed ogres
  13 dancing weapons
  10 alligators
  4 death yaks (Lair:5)
  7 orc high priests
  Sonja (Lair:2)
  5 deep elf knights
  A skeletal warrior (D:14)
  2 unseen horrors
  2 shambling mangroves
  10 swamp dragons
  9 deep elf archers
  A wizard (D:13)
  3 spriggan druids
  27 deep elf magi
  7 orc knights
  3 cyclopes
  4 orc sorcerers
  A necromancer (Swamp:4)
  3 ugly things (D:14)
  A manticore (D:13)
  4 centaur zombies
  23 elephants
  4 black mambas
  Maurice (D:8)
  25 spiny frogs
  2 efreet
  3 kobold demonologists
  A redback zombie (D:14)
  8 komodo dragons
  2 yaktaurs (D:13)
  3 hydra zombies (Swamp:4)
  A tengu conjurer (D:13)
  Grinder (D:4)
  6 trolls
  4 tyrant leeches
  Prince Ribbit (D:6)
  4 hornets
  5 bog bodies
  11 slime creatures
  12 polar bears
  2 raiju (Lair:6)
  21 dream sheep
  A blink frog (shapeshifter) (D:14)
  8 hippogriffs
  4 blink frogs (Lair:2)
  The ghost of Feta the Firebug, an amateur OpFE (D:4)
  5 water elementals (Elf:1)
  A shadow (Swamp:4)
  A vampire (D:14)
  4 spriggans
  2 air elementals
  4 wyverns
  2 fire elementals
  38 yaks
  3 basilisks
  A steam dragon (Lair:3)
  2 humans
  23 vampire mosquitoes
  A hungry ghost (D:14)
  2 nagas (Lair:2)
  Edmund (D:6)
  Menkaure (D:6)
  7 wargs
  10 insubstantial wisps
  An acid dragon (D:14)
  13 hell hounds (Lair:6)
  10 swamp worms
  16 water moccasins
  Duvessa (D:4)
  11 porcupines
  9 swamp drakes
  Purgy (D:4)
  12 black bears
  33 orc warriors
  3 ice beasts
  6 phantoms
  3 sky beasts
  7 ogres
  10 centaurs
  The ghost of Dargar the Slasher, an amateur DsGl (D:3)
  13 crocodiles
  29 wolves
  12 big kobolds
  13 bullfrogs
  An earth elemental (Elf:1)
  A water moccasin zombie (Swamp:4)
  A wyvern zombie (D:11)
  Dowan (D:4)
  A wyvern skeleton (D:9)
  2 scorpions (D:13)
  15 killer bees
  9 wights
  3 howler monkeys
  4 crimson imps
  A bullfrog zombie (D:5)
  4 jellies
  6 hounds
  27 orc priests
  A bullfrog skeleton (D:6)
  3 centaur skeletons
  5 iguanas
  A human skeleton (D:8)
  21 orc wizards
  10 worker ants
  2 hound zombies
  A worker ant zombie (D:9)
  13 gnolls
  15 adders
  3 shadow imps
  2 oozes
  An adder zombie (D:6)
  An adder skeleton (D:8)
  3 worms
  A dart slug (D:3)
  2 leopard geckos
  71 orcs
  7 giant cockroaches
  5 goblins
  8 hobgoblins
  19 jackals
  39 kobolds
  A quokka (D:9)
  3 ball pythons
  A ball python skeleton (D:5)
  8 bats
  6 frilled lizards
  A kobold skeleton (D:8)
  11 rats
  A briar patch (Swamp:2)
  6 fungi (Lair:5)
  9 plants (Lair:5)
985 creatures vanquished.

Vanquished Creatures (others)
  An alligator (Swamp:1)
  A deep elf knight (Elf:1)
  A deep elf mage (Orc:2)
  A spiny frog (Swamp:1)
  A tyrant leech (Swamp:1)
  6 humans
  An orc wizard (D:8)
  A swamp drake zombie (Swamp:4)
  2 orcs (Orc:1)
  A briar patch (Swamp:2)
  33 fungi
  24 plants
73 creatures vanquished.

Grand Total: 1058 creatures vanquished

Notes
Turn   | Place    | Note
-------+----------+-------------------------------------------
     0 | D:1      | Borgoz the Gargoyle Fighter began the quest for the Orb.
     0 | D:1      | Reached XP level 1. HP: 14/14 MP: 1/1
    42 | D:1      | Reached XP level 2. HP: 19/19 MP: 2/2
   162 | D:1      | Reached XP level 3. HP: 23/23 MP: 3/3
   707 | D:2      | Found a blossoming altar of Fedhas.
   756 | D:2      | Reached skill level 3 in Maces & Flails
   773 | D:2      | Reached XP level 4. HP: 29/29 MP: 4/4
   887 | D:2      | Found a sacrificial altar of Ru.
   953 | D:2      | Reached XP level 5. HP: 28/33 MP: 5/5
  1779 | D:3      | Reached skill level 4 in Maces & Flails
  1825 | D:3      | Reached XP level 6. HP: 39/39 MP: 6/6
  1864 | D:3      | Noticed Dargar's ghost (amateur DsGl)
  1884 | D:3      | Killed Dargar's ghost
  2427 | D:4      | Found a staircase to the Ecumenical Temple.
  2427 | D:4      | Noticed Purgy
  2442 | D:4      | Killed Purgy
  2442 | D:4      | Reached XP level 7. HP: 29/44 MP: 7/7
  2449 | Temple   | Entered the Ecumenical Temple
  2583 | Temple   | Became a worshipper of Ashenzari the Shackled
  2684 | D:4      | Found an iron altar of Okawaru.
  2945 | D:4      | Noticed Feta's ghost (amateur OpFE)
  2964 | D:4      | Killed Feta's ghost
  2964 | D:4      | Reached skill level 5 in Fighting
  2964 | D:4      | Reached skill level 5 in Maces & Flails
  2964 | D:4      | Reached skill level 1 in Evocations
  3275 | D:4      | Noticed Grinder
  3284 | D:4      | Reached skill level 5 in Armour
  3284 | D:4      | Reached skill level 5 in Shields
  3292 | D:4      | Killed Grinder
  3292 | D:4      | Reached XP level 8. HP: 40/49 MP: 9/9
  3413 | D:4      | Noticed Duvessa
  3413 | D:4      | Noticed Dowan
  3423 | D:4      | Killed Duvessa
  3446 | D:4      | Killed Dowan
  3446 | D:4      | Reached skill level 6 in Maces & Flails
  3618 | D:4      | Found a hide-covered altar of Uskayaw.
  3621 | D:4      | Noticed a hand axe
  3622 | D:4      | Noticed a dagger
  3827 | D:5      | Entered Level 5 of the Dungeon
  4225 | D:5      | Found Bajuc's Jewellery Emporium.
  4626 | D:6      | Noticed Prince Ribbit
  4734 | D:6      | Reached XP level 9. HP: 21/55 MP: 11/11
  4823 | D:6      | Killed Prince Ribbit
  4823 | D:6      | Reached skill level 7 in Maces & Flails
  5336 | D:6      | Noticed Menkaure
  5345 | D:6      | Killed Menkaure
  5637 | D:6      | Noticed Edmund
  5658 | D:6      | Killed Edmund
  5708 | D:6      | Found a glowing silver altar of Zin.
  5710 | D:6      | Found an ancient bone altar of Kikubaaqudgha.
  5710 | D:6      | Found a hazy altar of Hepliaklqana.
  5984 | D:7      | Reached skill level 8 in Maces & Flails
  6318 | D:7      | Reached * piety under Ashenzari
  6398 | D:7      | Found Fewe's Jewellery Shop.
  6575 | D:7      | Found a snail-covered altar of Cheibriados.
  6608 | D:7      | Found a burning altar of Makhleb.
  6808 | D:7      | Reached XP level 10. HP: 63/63 MP: 13/13
  7140 | D:8      | Found a radiant altar of Vehumet.
  7146 | D:8      | Found an ornate altar of the Wu Jian Council.
  7217 | D:9      | Found a shadowy altar of Dithmenos.
  7750 | D:9      | Noticed an elephant
  7762 | D:9      | Killed an elephant
  7762 | D:9      | Reached skill level 9 in Maces & Flails
  7987 | D:9      | Found a staircase to the Lair.
  8066 | D:9      | Reached skill level 5 in Evocations
  8188 | D:9      | Noticed a two-headed ogre
  8198 | D:9      | Killed a two-headed ogre
  8367 | D:9      | Noticed a two-headed ogre
  8371 | D:9      | Killed a two-headed ogre
  8408 | D:9      | Reached XP level 11. HP: 59/68 MP: 15/15
  8584 | D:8      | Noticed Maurice
  8598 | D:8      | Reached skill level 10 in Maces & Flails
  8601 | D:8      | Killed Maurice
  8894 | D:8      | Noticed a three-headed hydra
  8907 | D:8      | Killed a three-headed hydra
  9081 | D:8      | Found a runed door.
  9102 | D:8      | Found a basalt altar of Yredelemnul.
  9770 | D:10     | Entered Level 10 of the Dungeon
  9784 | D:10     | Found an ancient bone altar of Kikubaaqudgha.
  9843 | D:10     | Found Ciehumei's Magic Scroll Emporium.
  9871 | D:10     | Bought a scroll of identify for 32 gold pieces
  9871 | D:10     | Bought 3 scrolls of identify for 96 gold pieces
  9871 | D:10     | Bought a scroll of teleportation for 48 gold pieces
  9914 | D:10     | Identified a scroll of acquirement
  9991 | D:10     | Found a staircase to the Orcish Mines.
 10092 | D:10     | Found Haur's Food Shoppe.
 10332 | D:10     | Found Cosyukke's Magic Scroll Shoppe.
 10423 | D:10     | Reached ** piety under Ashenzari
 10637 | D:11     | Noticed a four-headed hydra
 10654 | D:11     | Killed a four-headed hydra
 10654 | D:11     | Reached skill level 11 in Maces & Flails
 10892 | D:11     | Reached XP level 12. HP: 76/76 MP: 16/16
 11642 | D:12     | Noticed a two-headed ogre
 11664 | D:11     | Killed a two-headed ogre
 12018 | D:12     | Noticed Erolcha
 12044 | D:12     | Killed Erolcha
 12320 | D:12     | Noticed Snorg
 12340 | D:12     | Killed Snorg
 12340 | D:12     | Reached skill level 12 in Maces & Flails
 12876 | D:13     | Noticed a death knight
 12889 | D:13     | Killed a death knight
 12985 | D:13     | Reached skill level 10 in Fighting
 12985 | D:13     | Reached skill level 10 in Shields
 13166 | D:13     | Noticed a vault guard
 13194 | D:13     | Reached skill level 10 in Armour
 13423 | D:13     | Noticed an eight-headed hydra
 13432 | D:13     | Killed an eight-headed hydra
 13502 | D:13     | Noticed a seven-headed hydra
 13513 | D:13     | Killed a seven-headed hydra
 13724 | D:13     | Reached XP level 13. HP: 76/82 MP: 18/18
 13797 | D:13     | Noticed a vault guard
 13866 | D:13     | Found a shattered altar of Ashenzari.
 14056 | D:13     | Noticed a vault guard
 14264 | D:13     | Killed a vault guard
 14471 | D:13     | Killed a vault guard
 14561 | D:13     | Killed a vault guard
 14573 | D:13     | Found a gate to the Vaults.
 14573 | D:13     | Noticed a vault guard
 14575 | D:13     | Noticed a vault guard
 14607 | D:13     | Killed a vault guard
 14613 | D:13     | Killed a vault guard
 14706 | D:14     | Reached skill level 13 in Maces & Flails
 15410 | D:14     | Found an opulent altar of Gozag.
 15411 | D:14     | Found Gozag's Platinum Reserve.
 15460 | D:14     | Found Ecappauwa's Assorted Antiques.
 15469 | D:14     | Bought a scroll of identify for 56 gold pieces
 15469 | D:14     | Bought a potion of might for 112 gold pieces
 16047 | D:14     | Found a shimmering altar of Xom.
 16173 | D:15     | Entered Level 15 of the Dungeon
 16238 | D:15     | Reached *** piety under Ashenzari
 16420 | Lair:1   | Entered Level 1 of the Lair of Beasts
 16732 | Lair:1   | Gained mutation: Your large and strong wings let you fly indefinitely. [Gargoyle growth]
 16732 | Lair:1   | Reached XP level 14. HP: 90/90 MP: 20/20
 17344 | Lair:2   | Noticed Sonja
 17367 | Lair:2   | Killed Sonja
 17559 | Lair:2   | Reached skill level 14 in Maces & Flails
 17771 | Lair:2   | Reached **** piety under Ashenzari
 17788 | Lair:2   | Found a staircase to the Snake Pit.
 18599 | Lair:3   | Found a bloodstained altar of Trog.
 19301 | Lair:4   | Found a staircase to the Swamp.
 19372 | Lair:3   | Reached skill level 1 in Dodging
 20324 | Lair:4   | Reached ***** piety under Ashenzari
 21278 | Lair:5   | Reached XP level 15. HP: 63/96 MP: 21/21
 21996 | Lair:6   | Entered Level 6 of the Lair of Beasts
 22047 | Lair:6   | Found a viscous altar of Jiyva.
 22047 | Lair:6   | Found a staircase to the Slime Pits.
 22217 | Lair:6   | Reached skill level 15 in Maces & Flails
 23186 | Lair:6   | Identified the +1 pair of gloves of the Kettle-Drum {rN+ Stlth+}
 24538 | Orc:1    | Entered Level 1 of the Orcish Mines
 24627 | Orc:1    | Noticed Fannar
 24672 | Orc:1    | Killed Fannar
 24882 | Orc:1    | Found a roughly hewn altar of Beogh.
 25186 | Orc:2    | Entered Level 2 of the Orcish Mines
 25226 | Orc:2    | Found Det Safisk's Distillery.
 25385 | Orc:2    | Found Zauklomn's Armour Emporium.
 25468 | Orc:2    | Found Posuif's Food Shoppe.
 26320 | Orc:2    | Found a staircase to the Elven Halls.
 26320 | Orc:2    | Found Janauroj's Magic Scroll Shop.
 26325 | Orc:2    | Found Koaroih's Antique Armour Shoppe.
 26363 | Orc:2    | Bought a glowing shield for 240 gold pieces
 26363 | Orc:2    | Bought an amber-encrusted plate armour for 896 gold pieces
 26373 | Orc:2    | Identified the +1 plate armour of Joclefe {Regen+ Int+4} (You bought it in a shop on level 2 of the Orcish Mines)
 27075 | Orc:1    | Reached XP level 16. HP: 103/103 MP: 22/22
 27432 | Orc:2    | Reached skill level 16 in Maces & Flails
 27670 | Orc:2    | Found Lepruef's Magic Scroll Emporium.
 27673 | Orc:2    | Found Qewam's Jewellery Shoppe.
 27674 | Orc:2    | Found Kien's Magic Scroll Emporium.
 27675 | Orc:2    | Found Pidwaici's Magic Scroll Emporium.
 27767 | Elf:1    | Entered Level 1 of the Elven Halls
 27788 | Orc:2    | Reached skill level 5 in Dodging
 27958 | Swamp:1  | Entered Level 1 of the Swamp
 28196 | Swamp:1  | Noticed Nikola
 28790 | Swamp:1  | Killed Nikola
 28970 | Swamp:2  | Noticed a thorn hunter
 29011 | Swamp:2  | Killed a thorn hunter
 29671 | Swamp:2  | Reached ****** piety under Ashenzari
 30193 | Swamp:3  | Noticed Roxanne
 30240 | Swamp:4  | Entered Level 4 of the Swamp
 30604 | Swamp:3  | Noticed Donald
 30634 | Swamp:3  | Killed Donald
 31039 | Swamp:3  | HP: 1/104 [Roxanne/crystal spear (63)]
 31483 | Swamp:4  | Noticed Steelmeadow's ghost (adept HaAs)
 31488 | Swamp:4  | Noticed Kirke
 31527 | Swamp:4  | Noticed Ijustatesigmund's ghost (adept HOAr)
 31912 | Swamp:3  | Reached XP level 17. HP: 46/110 MP: 23/23
 32022 | Swamp:4  | Killed Kirke
 32032 | Swamp:4  | Reached skill level 17 in Maces & Flails
 32355 | Swamp:4  | Killed Ijustatesigmund's ghost
 32976 | Swamp:4  | Killed Steelmeadow's ghost
 33123 | Swamp:4  | Noticed the 27-headed Lernaean hydra
 33749 | D:10     | Bought a scroll of summoning for 152 gold pieces
 33776 | D:10     | Bought a scroll of blinking for 82 gold pieces
 33776 | D:10     | Bought a scroll of teleportation for 33 gold pieces
 33776 | D:10     | Bought a scroll of summoning for 104 gold pieces
 33826 | Orc:2    | Bought a potion of might for 64 gold pieces
 33826 | Orc:2    | Bought a potion of haste for 160 gold pieces
 33826 | Orc:2    | Bought a potion of haste for 160 gold pieces
 33826 | Orc:2    | Bought a potion of haste for 160 gold pieces
 33937 | Elf:1    | Noticed Aizul
 33966 | Elf:1    | Killed Aizul
 34212 | Elf:1    | Gained mutation: You are frail. (-10% HP) [a neqoxec]
 35184 | Elf:1    | Found Oluowk's Food Emporium.
 36317 | Elf:2    | Found a runed gate.
 36317 | Elf:2    | Found a runed gate.
 36317 | Elf:2    | Found a runed gate.
 36517 | Elf:2    | Found Bankan's Distillery.
 36576 | Elf:2    | HP: 2/100 [acid (10)]
 36583 | Elf:2    | Killed from afar by a deep elf sorcerer

Vault maps used:
D:1:      co_arrival_two_rings
D:2:      nicolae_ru_great_annihilating_truth, fedhas_altar_fruit_tree,
          kennysheep_potato
D:3:      serial_bayou_crossing
D:4:      dancing_weapons_uskayaw, okawaru_metal_pillars_1_2,
          minmay_temple_entry_overgrown, uniq_grinder, uniq_purgy, uniq_duvessa
D:5:      serial_shops, shop, first_ration
D:6:      grunt_temple_overflow_diamond, uniq_edmund, uniq_menkaure,
          uniq_prince_ribbit1
D:7:      nicolae_overflow_hidden_temple, serial_shops, shop_statue,
          cheibriados_altar_1
D:8:      minmay_flawed_box, chequers_temple_overflow_statue_of_worship,
          hangedman_ranch, minmay_misc_feat_diagonals, dk_yredelemnul_ordeal,
          uniq_maurice
D:9:      nicolae_dithmenos_through_a_glass_darkly, david_lair_generic
D:10:     orc_0_dummy, serial_shops, shop, shop,
          nicolae_shop_temple_entry_statues_fountains, tgw_kikubaaqudgha
D:12:     uniq_snorg, uniq_erolcha
D:13:     grunt_vaults_entry_fortified, basic_altar
D:14:     basic_altar, nicolae_gozag_zags_fifth_avenue, serial_shops,
          nicolae_shop_behind_doors
D:15:     gammafunk_enter_depths_forms, nicolae_two_hexagons
Temple:   minmay_temple_curvy_loop
Lair:1:   beast_lair_carwin_large_2, st_stairs_9
Lair:2:   guppyfry_snake_entry_garden, nicolae_lair_grove_arrangements,
          uniq_sonja
Lair:3:   basic_altar, minivault_27, serial_bayou_shore_a, grunt_megastairs_2
Lair:4:   beast_lair_carwin_large_4, minmay_swamp_entry_wisps, lemuel_fruit_tree
Lair:5:   wad_woods_road_02
Lair:6:   hangedman_lair_caniforms_friends, dpeg_slime_entry_enclosed_altar
Swamp:1:  nicolae_swamp_round_clearing, swamp_pool1,
          nicolae_swamp_dense_foliage, uniq_nikola
Swamp:2:  serial_swamp_ruin, evilmike_swamp_ruin_house_5,
          evilmike_swamp_ruin_house_4, hangedman_swamp_ruin_wall, swamp_pool2,
          st_swamp_ruins_2
Swamp:3:  nicolae_swamp_trees_clearing, uniq_donald, uniq_roxanne
Swamp:4:  swamp_old_school, swamp_pool2, nicolae_swamp_necromancer_hut,
          uniq_kirke
Orc:1:    mines1_david, uniq_fannar
Orc:2:    st_orc_pillars, serial_shops, nicolae_shop_stone,
          nicolae_shop_temple_entry_statues_fountains, shop, nicolae_shop_stone,
          nicolae_shop_behind_doors, nicolae_orc_damp_corner
Elf:1:    minmay_elf_arrival_plus, serial_shops, shop, minivault_28,
          grunt_ministairs_6, uniq_aizul
Elf:2:    serial_shops, shop

Skill      XL: |  1  2  3  4  5  6  7  8  9 10 11 12 13 14 15 16 17 |
---------------+----------------------------------------------------+-----
Maces & Flails | 3 4 5 6 8 9 11 12 13 14 15 16 17 | 17.8
Armour         | 4 5 6 7 8 9 10 11 12 13 14 | 14.3
Fighting       | 4 5 6 7 8 9 10 11 12 13 14 | 14.4
Shields        | 4 5 6 7 8 9 10 11 12 13 14 | 14.3
Evocations     | 2 3 4 5 6 7 8 9 |  9.1
Dodging        | 2 4 6 7 |  7.3

Action                   |  1- 3 |  4- 6 |  7- 9 | 10-12 | 13-15 | 16-18 || total
-------------------------+-------+-------+-------+-------+-------+-------++-------
Melee: Flail             |   121 |   272 |   507 |   948 |  2506 |  1665 ||  6019
       Mace              |       |       |       |       |       |   765 ||   765
Invok: Curse Item        |       |       |     1 |     1 |     1 |       ||     3
 Abil: Evoke Berserk Rag |       |     1 |       |     4 |     6 |    10 ||    21
       Fly               |       |       |       |       |       |     1 ||     1
       Stop Flying       |       |       |       |       |       |     1 ||     1
Evoke: Wand              |       |       |       |     5 |     1 |     7 ||    13
  Use: Scroll            |       |     1 |     7 |    11 |     9 |     7 ||    35
       Potion            |       |     1 |     1 |       |     3 |    13 ||    18
 Stab: Paralysed         |       |     1 |       |       |       |       ||     1
       Distracted        |       |       |       |     1 |       |       ||     1
       Confused          |       |       |       |       |       |     1 ||     1
       Invisible         |       |       |       |       |       |     8 ||     8
       Sleeping          |       |       |       |       |       |     1 ||     1
  Eat: Chunk             |       |     7 |    14 |    22 |    47 |    29 ||   119
       Ration            |       |       |       |     1 |     3 |     5 ||     9
Armor: Scale mail        |    77 |   153 |       |       |       |       ||   230
       Plate armour      |       |    79 |   296 |   576 |  1049 |  1218 ||  3218
       Skin              |       |       |       |       |       |    13 ||    13
Dodge: Dodged            |    38 |    93 |    76 |   272 |   678 |   814 ||  1971
Block: Shield            |    76 |   223 |   225 |   592 |  1290 |  1610 ||  4016

Table legend:
 A = Spawn XP
 B = Non-spawn XP
 C = Spawn XP percentage of total XP
 D = Spawn monster count
 E = Non-spawn monster count
 F = Spawn count percentage of total count
 G = Total turns spent on level
                    A         B        C        D         E        F      G
               +---------+---------+-------+---------+---------+-------+---------
         Total |       0 |  239870 |   0.0 |       0 |     974 |   0.0 | 36583
               +---------+---------+-------+---------+---------+-------+---------
           D:1 |       0 |      70 |   0.0 |       0 |      32 |   0.0 |   685
           D:2 |       0 |     183 |   0.0 |       0 |      33 |   0.0 |  1048
           D:3 |       0 |     258 |   0.0 |       0 |      24 |   0.0 |   694
           D:4 |       0 |    1070 |   0.0 |       0 |      14 |   0.0 |  1174
           D:5 |       0 |     645 |   0.0 |       0 |      19 |   0.0 |   793
           D:6 |       0 |    1411 |   0.0 |       0 |      32 |   0.0 |  1363
           D:7 |       0 |    1101 |   0.0 |       0 |      19 |   0.0 |  1302
           D:8 |       0 |    3937 |   0.0 |       0 |      39 |   0.0 |  1089
           D:9 |       0 |    4665 |   0.0 |       0 |      32 |   0.0 |  1642
          D:10 |       0 |    1626 |   0.0 |       0 |      37 |   0.0 |   885
          D:11 |       0 |    7277 |   0.0 |       0 |      44 |   0.0 |  1334
          D:12 |       0 |    4306 |   0.0 |       0 |      32 |   0.0 |  1265
          D:13 |       0 |   13367 |   0.0 |       0 |      27 |   0.0 |  1650
          D:14 |       0 |   10550 |   0.0 |       0 |      39 |   0.0 |  1530
          D:15 |       0 |     925 |   0.0 |       0 |       2 |   0.0 |   137
        Lair:1 |       0 |    3711 |   0.0 |       0 |      19 |   0.0 |   720
        Lair:2 |       0 |    7952 |   0.0 |       0 |      33 |   0.0 |  1474
        Lair:3 |       0 |    8012 |   0.0 |       0 |      25 |   0.0 |  1566
        Lair:4 |       0 |    8034 |   0.0 |       0 |      23 |   0.0 |   764
        Lair:5 |       0 |   10801 |   0.0 |       0 |      26 |   0.0 |  1310
        Lair:6 |       0 |   27317 |   0.0 |       0 |     118 |   0.0 |  2401
       Swamp:1 |       0 |   10236 |   0.0 |       0 |      20 |   0.0 |   999
       Swamp:2 |       0 |   13969 |   0.0 |       0 |      34 |   0.0 |  1079
       Swamp:3 |       0 |   13129 |   0.0 |       0 |      25 |   0.0 |  1591
       Swamp:4 |       0 |   24344 |   0.0 |       0 |      44 |   0.0 |  1795
         Orc:1 |       0 |    8451 |   0.0 |       0 |      46 |   0.0 |  1812
         Orc:2 |       0 |   17790 |   0.0 |       0 |      79 |   0.0 |  2020
         Elf:1 |       0 |   20584 |   0.0 |       0 |      36 |   0.0 |  1675
         Elf:2 |       0 |   14149 |   0.0 |       0 |      21 |   0.0 |   560
               +---------+---------+-------+---------+---------+-------+---------
